 Dungeon Crawl Stone Soup version 0.31-a0-236-g9a0961fb85 (webtiles) character file.

Game seed: 9682711450747327459

21 qw the Shooter (level 2, 0/24 HPs)
             Began as a Minotaur Hexslinger on July 10, 2023.
             Slain by a goblin
             ... wielding a +0 club
             ... led by Robin
              (3 damage)
             ... on level 1 of the Dungeon.
             The game lasted 00:00:13 (822 turns).

qw the Shooter (Minotaur Hexslinger)                 Turns: 822, Time: 00:00:14

Health: 0/24       AC:  2    Str: 12    XL:     2   Next: 65%
Magic:  2/2        EV: 12    Int: 10    God:
Gold:   29         SH:  0    Dex: 12    Spells: 2/3 levels left

rFire   . . .        a - +1 sling
rCold   . . .        (no shield)
rNeg    . . .        c - +0 robe
rPois   .            (helmet restricted)
rElec   .            (no cloak)
rCorr   .            (no gloves)
SInv    .            (no boots)
Will    .....        (no amulet)
Stlth   +            (no ring)
HPRegen 0.24/turn    (no ring)
MPRegen 0.08/turn

%: no passive effects
@: no status effects
A: horns 2, retaliatory headbutt
a: no special abilities


You were on level 1 of the Dungeon.
You visited 1 branch of the dungeon, and saw 2 of its levels.

You collected 29 gold pieces.


Innate Abilities, Weirdness & Mutations

You have a pair of horns on your head.
You reflexively headbutt those who attack you in melee.


   Skills:
 - Level 2.0 Fighting
 + Level 3.3 Ranged Weapons
 - Level 2.1 Dodging
 - Level 1.0 Spellcasting
 - Level 2.0 Hexes


You had 2 spell levels left.
You knew the following spells:

 Your Spells              Type           Power      Damage    Failure   Level
a - Slow                  Hex            16%        N/A       16%         1

Your spell library contained the following spells:

 Spells                   Type           Power      Damage    Failure   Level
 Inner Flame              Hex/Fire       2%         N/A       56%         3
 Portal Projectile        Hex/Tloc       4%         N/A       56%         3
 Cause Fear               Hex            2%         N/A       83%         4

Inventory:

Hand Weapons
 a - a +1 sling (weapon)
Armour
 c - a +0 robe (worn)
Potions
 e - a potion of haste {unknown}

Dungeon Overview and Level Annotations

Branches:
Dungeon (2/15)

Altars:

Annotations:
D:2 Robin


Message History

Robin throws the goblin at you! The goblin barely misses you.
814 ||| STAIRDANCE The goblin completely misses you.
Robin throws the goblin at you! The goblin closely misses you.
The goblin hits you with a +2 dagger of venom.
The goblin closely misses you.
The goblin unwields a +0 sling.
The goblin wields a +0 dagger.
The goblin hits you with a +0 dagger.
You climb upwards.
There is a stone staircase leading down here.
Enter note:
Enter note:
Enter note: You shoot a sling bullet.
The sling bullet closely misses the goblin.
The goblin hits you with a +0 club. x2; The goblin misses you.
You shoot a sling bullet. The sling bullet hits the goblin.
The goblin is severely wounded.
The goblin completely misses you. You furiously retaliate!
You headbutt the goblin. The goblin hits you with a +0 club.
The goblin misses you. You furiously retaliate!
You headbutt the goblin. You shoot a sling bullet.
The sling bullet closely misses the goblin.
The goblin hits you but does no damage. The goblin closely misses you. x3
The goblin misses you.
You shoot a sling bullet.
The sling bullet closely misses the goblin.
The goblin barely misses you. The goblin misses you.
The goblin hits you with a +0 club.
You shoot a sling bullet.
The sling bullet barely misses the goblin.
The goblin closely misses you. You furiously retaliate!
You headbutt the goblin.
You kill the goblin!
The goblin misses you. The goblin closely misses you.
You shoot a sling bullet.
The sling bullet closely misses the goblin.
The goblin hits you but does no damage. The goblin hits you with a +0 club. x2
You shoot a sling bullet. The sling bullet hits the goblin.
You kill the goblin!
The goblin hits you with a +0 club.
You die...

.#.# #..#...>.#..#.P#.#..^.#
##.# ####.....##....P#P##^.##
...# #...#######...#.P^..#
##.#######.<.# ##...##...#
#.......#...# ##.......#
#.#####.##### ##.####.# #.#
##.....## #.# #.#
#.###.......###### #>####.####
#.............g@)#####.##......)
#####.......####gg........#.####
##.....## ##########.......
##....# #.#.#### ###..# #.#.#
#..## #.#.# #.).# #.#.# ##..#
##.#.#### #..# #....)...


You could see 3 goblins.

Vanquished Creatures
  An endoplasm (D:1)
  5 hobgoblins
  3 kobolds (D:1)
  2 quokkas (D:1)
  A ball python (D:1)
  A bat (D:1)
  5 goblins
  2 rats (D:1)
20 creatures vanquished.

Notes
Turn   | Place    | Note
-------+----------+-------------------------------------------
     0 | D:1      | qw the Minotaur Hexslinger began the quest for the Orb.
     0 | D:1      | Reached XP level 1. HP: 16/16 MP: 1/1
     0 | D:1      | 0 ||| qw: Version: 0.3-a-52-g30416fa
     0 | D:1      | 0 ||| qw: Game counter: 4685
     0 | D:1      | 0 ||| qw: Melee chars always use a shield: true
     0 | D:1      | 0 ||| qw: God list: Okawaru
     0 | D:1      | 0 ||| qw: Allow faded altars: false
     0 | D:1      | 0 ||| qw: Do Orc after clearing Dungeon:15 true
     0 | D:1      | 0 ||| qw: Do second Lair branch before Depths: true
     0 | D:1      | 0 ||| qw: Lair rune preference: random
     0 | D:1      | 0 ||| qw: Goals: Normal
     0 | D:1      | 0 ||| PLANNING D:1-11
    80 | D:1      | Found a faded altar of an unknown god.
   254 | D:1      | Reached skill level 3 in Ranged Weapons
   254 | D:1      | Reached XP level 2. HP: 23/23 MP: 2/2
   682 | D:1      | 682 ||| DRINKING 2 metallic puce potions.
   787 | D:1      | 787 ||| DROPPING scroll of poison.
   788 | D:1      | 788 ||| DROPPING potion of berserk rage.
   811 | D:2      | Noticed Robin
   814 | D:2      | 814 ||| STAIRDANCE
   819 | D:1      | HP: 6/24 [goblin/+0 club[Robin] (2)]
   821 | D:1      | HP: 2/24 [goblin/+0 club[Robin] (2)]
   822 | D:1      | Slain by a goblin

Levels and vault maps discovered:
D:1:      amcnicky_arrival_blooded_trapdoor, layout_loops_ring,
          shapermc_ecumenical_altar_rom_forum, minmay_pentomino_q4
D:2:      layout_rooms, serial_shops, nicolae_shop_scrapyard,
          kennysheep_flooded_box, minivault_4, uniq_robin

Skill      XL: |  1  2 |
---------------+-------+-----
Ranged Weapons | 3 |  3.3
Fighting       | 2 |  2.0
Dodging        | |  2.1
Spellcasting   | |  1.0
Hexes          | |  2.0

Action                     || total
---------------------------++-------
   Fire: Sling             ||    43
    Use: Potion            ||     1
 Armour: Robe              ||     5
  Dodge: Dodged            ||    22

Table legend:
 A = Non-vault XP
 B = Vault XP
 C = Vault XP percentage of total XP
 D = Non-vault monster count
 E = Vault monster count
 F = Vault count percentage of total count
                 A         B        C        D         E       F
            +---------+---------+-------+---------+---------+-------
      Total |      22 |      11 |  33.3 |      14 |       6 |  30.0
            +---------+---------+-------+---------+---------+-------
        D:1 |      22 |       7 |  24.1 |      14 |       4 |  22.2
        D:2 |       0 |       4 | 100.0 |       0 |       2 | 100.0
            +---------+---------+-------+---------+---------+-------
